ESL (28 & UNDER)
READING RAINBOWS @ NEWARK BULLDOGS
08/23/2030
 
TOP OF THE 1ST
Reading Rainbows batting - Pitching for Newark Bulldogs : RHP Gonzalo Benetti
Pitching: RHP Gonzalo Benetti
Batting: LHB Ismael Barajas 0-0: Ball
1-0: Ball
2-0: Ball
3-0: Called Strike
3-1: Base on Balls
Batting: RHB José Moreno 0-0: Ball
1-0: Called Strike
1-1: Ball
2-1: Foul Ball, location: 2F
2-2: Ball
3-2: Foul Ball, location: 2F
3-2: Foul Ball, location: 2F
3-2: Fly out, F8 (Flyball, 8RD)
Batting: RHB Ethan Moore 0-0: Ball
1-0: Ball
2-0: Called Strike
2-1: Swinging Strike
2-2: Ball
3-2: Fly out, F7 (Flyball, 7LS)
Batting: RHB Allen Hobbs 0-0: Called Strike
0-1: Ball
1-1: Ball
2-1: SINGLE (Groundball, 56D)
Ismael Barajas to second
Batting: RHB Edmund Swanson 0-0: Ball
1-0: Swinging Strike
1-1: Ball
2-1: 3-RUN HOME RUN (Flyball, 7D), Distance : 355 ft
Batting: RHB Richard Case 0-0: Ball
1-0: Ball
2-0: SINGLE (Line Drive, 7S)
Batting: RHB Carlos Palomón 0-0: Ball
1-0: Foul Ball, location: 2F
1-1: Foul Ball, location: 2F
1-2: Strikes out swinging
Top of the 1st over - 3 runs, 3 hits, 0 errors, 1 left on base; Reading 3 - Newark 0
BOTTOM OF THE 1ST
Newark Bulldogs batting - Pitching for Reading Rainbows : RHP Alex Pruitt
Pitching: RHP Alex Pruitt
Batting: LHB Jorge Hernández 0-0: Called Strike
0-1: Ball
1-1: Ball
2-1: Ball
3-1: Foul Ball, location: 2F
3-2: Ground out 1-3 (Groundball, 13S)
Batting: LHB Will O'Dell 0-0: Ball
1-0: Ball
2-0: Swinging Strike
2-1: Ball
3-1: SINGLE (Groundball, 34D)
Batting: RHB Francisco Domínguez 0-0: Ball
1-0: Ball
2-0: Called Strike
2-1: Foul Ball, location: 2F
2-2: Ball
3-2: SINGLE (Groundball, 6S) (infield hit)
Will O'Dell to second
Batting: LHB Ángel Tuzzi 0-0: Ball
Will O'Dell steals 3rd base
Francisco Domínguez to second
1-0: 3-RUN HOME RUN (Flyball, 78D), Distance : 374 ft
Batting: RHB Ben Kearley 0-0: Foul Ball, location: 2F
0-1: Called Strike
0-2: SINGLE (Groundball, 56D)
Batting: RHB Álex Hernández 0-0: Ball
1-0: Ball
2-0: Grounds into double play, 4-6-3 (Groundball, 4)
Bottom of the 1st over - 3 runs, 4 hits, 0 errors, 0 left on base; Reading 3 - Newark 3
TOP OF THE 2ND
Reading Rainbows batting - Pitching for Newark Bulldogs : RHP Gonzalo Benetti
Batting: LHB Dennis McConnell 0-0: Ball
1-0: Foul Ball, location: 2F
1-1: Fly out, F8 (Flyball, 89D)
Batting: SHB Johnny Jackson 0-0: Ball
1-0: SINGLE (Flyball, 8LS)
Batting: LHB Ismael Barajas 0-0: Called Strike
0-1: Ball
1-1: Ball
2-1: Ball
3-1: Base on Balls
Johnny Jackson to second
Batting: RHB José Moreno 0-0: Ball
1-0: Foul Ball, location: 2F
1-1: SINGLE (Groundball, 3D)
Johnny Jackson to third
Ismael Barajas to second
Batting: RHB Ethan Moore 0-0: Foul Ball, location: 2F
0-1: Ball
1-1: Grounds into double play, 5-4-3 (Groundball, 56)
Top of the 2nd over - 0 runs, 2 hits, 0 errors, 2 left on base; Reading 3 - Newark 3
BOTTOM OF THE 2ND
Newark Bulldogs batting - Pitching for Reading Rainbows : RHP Alex Pruitt
Batting: SHB Pete Jones 0-0: Ball
1-0: Foul Ball, location: 2F
1-1: Ground out U3 (Groundball, 34)
Batting: RHB Juan Martínez 0-0: Called Strike
0-1: Foul Ball, location: 2F
0-2: Foul Ball, location: 2F
0-2: Ball
1-2: Ball
2-2: SINGLE (Line Drive, 89S)
Batting: RHB Lyle Jackson 0-0: Ball
Juan Martínez steals 2nd base
1-0: SINGLE (Line Drive, 8RS)
Juan Martínez to third
Batting: LHB Jorge Hernández 0-0: Called Strike
0-1: Ball
1-1: Ball
2-1: Fly out, F8 (Flyball, 8RM)
Runner from 3rd tags up, SCORES, throw made
Batting: LHB Will O'Dell 0-0: Called Strike
Lyle Jackson is caught stealing 2nd base
Bottom of the 2nd over - 1 run, 2 hits, 0 errors, 0 left on base; Reading 3 - Newark 4
TOP OF THE 3RD
Reading Rainbows batting - Pitching for Newark Bulldogs : RHP Gonzalo Benetti
Batting: RHB Allen Hobbs 0-0: Called Strike
0-1: Ground out 6-3 (Groundball, 56)
Batting: RHB Edmund Swanson 0-0: Ball
1-0: Foul Ball, location: 2F
1-1: Called Strike
1-2: Fly out, F8 (Flyball, 8RM)
Batting: RHB Richard Case 0-0: Ball
1-0: Ball
2-0: Swinging Strike
2-1: Ball
3-1: Swinging Strike
3-2: Strikes out swinging
Top of the 3rd over - 0 runs, 0 hits, 0 errors, 0 left on base; Reading 3 - Newark 4
BOTTOM OF THE 3RD
Newark Bulldogs batting - Pitching for Reading Rainbows : RHP Alex Pruitt
Batting: LHB Will O'Dell 0-0: Ball
1-0: Ball
2-0: Ball
3-0: Called Strike
3-1: Base on Balls
Batting: RHB Francisco Domínguez 0-0: Called Strike
0-1: Ball
1-1: Fly out, F8 (Flyball, 8RS)
Batting: LHB Ángel Tuzzi 0-0: Ball
1-0: Fielders Choice at 2nd, 4-6 (Groundball, 4)
Batting: RHB Ben Kearley 0-0: Ball
1-0: SINGLE (Line Drive, 56D)
Ángel Tuzzi to second
Runner from 2nd tries for 3rd, SAFE, throw made to third
Batting: RHB Álex Hernández 0-0: Ball
Wild Pitch!
Ángel Tuzzi scores
Ben Kearley to second
1-0: Foul Ball, location: 2F
1-1: Foul Ball, location: 2F
1-2: Strikes out swinging
Bottom of the 3rd over - 1 run, 1 hit, 0 errors, 1 left on base; Reading 3 - Newark 5
TOP OF THE 4TH
Reading Rainbows batting - Pitching for Newark Bulldogs : RHP Gonzalo Benetti
Batting: RHB Carlos Palomón 0-0: Called Strike
0-1: Foul Ball, location: 2F
0-2: SINGLE (Flyball, 78S)
Batting: LHB Dennis McConnell 0-0: Called Strike
0-1: Foul Ball, location: 2F
0-2: Ball
1-2: Ball
2-2: Foul Ball, location: 2F
2-2: Ball
3-2: Base on Balls
Carlos Palomón to second
Batting: SHB Johnny Jackson 0-0: Called Strike
0-1: Foul Ball, location: 2F
0-2: Grounds into double play, 6-4-3 (Groundball, 6)
Carlos Palomón to third
Batting: LHB Ismael Barajas 0-0: Foul Ball, location: 2F
0-1: Foul Ball, location: 2F
0-2: Ball
1-2: Ball
2-2: Ball
3-2: Foul Ball, location: 2F
3-2: Fly out, F7 (Flyball, 78M)
Top of the 4th over - 0 runs, 1 hit, 0 errors, 1 left on base; Reading 3 - Newark 5
BOTTOM OF THE 4TH
Newark Bulldogs batting - Pitching for Reading Rainbows : RHP Alex Pruitt
Batting: SHB Pete Jones 0-0: Called Strike
0-1: Ground out 5-3 (Groundball, 5)
Batting: RHB Juan Martínez 0-0: Swinging Strike
0-1: Ball
1-1: Ball
2-1: Swinging Strike
2-2: Strikes out looking
Batting: RHB Lyle Jackson 0-0: Ball
1-0: Ball
2-0: Ball
3-0: Called Strike
3-1: Foul Ball, location: 2F
3-2: Ground out 6-3 (Groundball, 6)
Bottom of the 4th over - 0 runs, 0 hits, 0 errors, 0 left on base; Reading 3 - Newark 5
TOP OF THE 5TH
Reading Rainbows batting - Pitching for Newark Bulldogs : RHP Gonzalo Benetti
Batting: RHB José Moreno 0-0: Called Strike
0-1: Ball
1-1: Ball
2-1: Called Strike
2-2: Ball
3-2: Strikes out swinging
Batting: RHB Ethan Moore 0-0: Called Strike
0-1: Called Strike
0-2: Fly out, F9 (Line Drive, 9D)
Batting: RHB Allen Hobbs 0-0: Ground out 6-3 (Groundball, 6M)
Top of the 5th over - 0 runs, 0 hits, 0 errors, 0 left on base; Reading 3 - Newark 5
BOTTOM OF THE 5TH
Newark Bulldogs batting - Pitching for Reading Rainbows : RHP Alex Pruitt
Batting: LHB Jorge Hernández 0-0: Ball
1-0: SINGLE (Line Drive, 89M)
Batting: LHB Will O'Dell 0-0: Ball
1-0: Foul Ball, location: 2F
1-1: Foul Ball, location: 2F
1-2: Ball
2-2: Ball
3-2: Foul Ball, location: 2F
3-2: Grounds into double play, 4-6-3 (Groundball, 4)
Batting: RHB Francisco Domínguez 0-0: Called Strike
0-1: Ball
1-1: Ball
2-1: Swinging Strike
2-2: Foul Ball, location: 2F
2-2: SINGLE (Groundball, 56D)
Batting: LHB Ángel Tuzzi 0-0: Ball
1-0: Ball
2-0: Ball
3-0: Called Strike
3-1: SINGLE (Line Drive, 9S)
Francisco Domínguez to second
Runner from 2nd tries for 3rd, SAFE, no throw
Pitching: RHP Manny Ramos
Batting: RHB Ben Kearley 0-0: Ball
1-0: Foul Ball, location: 2F
1-1: Fielders Choice at 2nd, 5-4 (Groundball, 56)
Bottom of the 5th over - 0 runs, 3 hits, 0 errors, 2 left on base; Reading 3 - Newark 5
TOP OF THE 6TH
Reading Rainbows batting - Pitching for Newark Bulldogs : RHP Gonzalo Benetti
Batting: RHB Edmund Swanson 0-0: SINGLE (Groundball, 56D)
Batting: RHB Richard Case 0-0: SINGLE (Groundball, 4MD)
Edmund Swanson to second
Batting: RHB Carlos Palomón 0-0: Foul Ball, location: 2F
0-1: Fly out, F3 (Popup, 3S)
Batting: LHB Dennis McConnell 0-0: Ball
1-0: Foul Ball, location: 2F
1-1: Foul Ball, location: 2F
1-2: Foul Ball, location: 2F
1-2: Fielders Choice at 2nd, 3-6 (Groundball, 3)
Edmund Swanson to third
Batting: SHB Johnny Jackson 0-0: Ball
Dennis McConnell is caught stealing 2nd base
Top of the 6th over - 0 runs, 2 hits, 0 errors, 1 left on base; Reading 3 - Newark 5
BOTTOM OF THE 6TH
Newark Bulldogs batting - Pitching for Reading Rainbows : RHP Manny Ramos
Batting: RHB Álex Hernández 0-0: Ball
1-0: Ball
2-0: Ground out 4-3 (Groundball, 4)
Batting: SHB Pete Jones 0-0: Ground out U3 (Groundball, 3)
Batting: RHB Juan Martínez 0-0: Foul Ball, location: 2F
0-1: Ball
1-1: Ball
2-1: Ball
3-1: Called Strike
3-2: Foul Ball, location: 2F
3-2: Foul Ball, location: 2F
3-2: Base on Balls
Batting: RHB Lyle Jackson 0-0: Ball
Throwing error on steal attempt, E2
Juan Martínez to third
1-0: Foul Ball, location: 2F
1-1: Ball
2-1: SINGLE (Line Drive, 4MD)
Juan Martínez scores
Batting: LHB Jorge Hernández 0-0: Called Strike
0-1: Foul Ball, location: 2F
0-2: Ball
1-2: SINGLE (Groundball, 4D)
Lyle Jackson to second
Runner from 2nd tries for 3rd, SAFE, no throw
Batting: LHB Will O'Dell 0-0: Ball
1-0: Fly out, F3 (Popup, 23)
Bottom of the 6th over - 1 run, 2 hits, 1 error, 2 left on base; Reading 3 - Newark 6
TOP OF THE 7TH
Reading Rainbows batting - Pitching for Newark Bulldogs : RHP Gonzalo Benetti
Batting: SHB Johnny Jackson 0-0: Fly out, F5 (Popup, 5SF)
Pitching: RHP Carl Rojas
Batting: LHB Ismael Barajas 0-0: Ball
1-0: SINGLE (Groundball, 34D)
Batting: RHB José Moreno 0-0: Ball
1-0: Ball
2-0: Called Strike
2-1: SINGLE (Line Drive, 78S)
Ismael Barajas to second
Batting: RHB Ethan Moore 0-0: Ball
Ismael Barajas steals 3rd base
José Moreno to second
1-0: Ball
2-0: Called Strike
2-1: 3-RUN HOME RUN (Flyball, 78D), Distance : 371 ft
Pitching: LHP Armando Alvarado
Batting: RHB Allen Hobbs 0-0: Ball
1-0: Hit by Pitch
Batting: RHB Edmund Swanson 0-0: Ball
1-0: Swinging Strike
1-1: Called Strike
Allen Hobbs steals 2nd base
1-2: Foul Ball, location: 2F
1-2: Ball
2-2: Foul Ball, location: 2F
2-2: Foul Ball, location: 2F
2-2: Ball
3-2: Strikes out looking
Batting: RHB Richard Case 0-0: Ball
1-0: Swinging Strike
1-1: Ball
2-1: Ball
3-1: Called Strike
3-2: Base on Balls
Batting: RHB Carlos Palomón 0-0: Called Strike
0-1: Ball
1-1: Ball
2-1: Ball
3-1: Called Strike
3-2: SINGLE (Groundball, 6) (infield hit)
Allen Hobbs to third
Richard Case to second
Pinch Hitting: RHB Carlos Huerta 0-0: Called Strike
0-1: Called Strike
0-2: Ball
1-2: Ball
2-2: Ball
3-2: Base on Balls
Allen Hobbs scores
Richard Case to third
Carlos Palomón to second
Batting: SHB Johnny Jackson 0-0: Called Strike
0-1: Ground out 1-3 (Groundball, 13)
Top of the 7th over - 4 runs, 4 hits, 0 errors, 3 left on base; Reading 7 - Newark 6
BOTTOM OF THE 7TH
Newark Bulldogs batting - Pitching for Reading Rainbows : RHP Manny Ramos
Now in LF: Arturo Álvarez
Batting: RHB Francisco Domínguez 0-0: Swinging Strike
0-1: Foul Ball, location: 2F
0-2: Ball
1-2: Reached on error, E1 (Groundball, P)
Pitching: LHP Bill Parry
Batting: LHB Ángel Tuzzi 0-0: Called Strike
0-1: Foul Ball, location: 2F
0-2: Ball
1-2: Strikes out swinging
Batting: RHB Ben Kearley 0-0: Ball
Francisco Domínguez steals 2nd base
1-0: Called Strike
1-1: SINGLE (Line Drive, 9LS)
Francisco Domínguez to third
Runner from 3rd tries for Home, SAFE, no throw
Batting: RHB Álex Hernández 0-0: Ball
1-0: Swinging Strike
1-1: Foul Ball, location: 2F
1-2: Strikes out swinging
Batting: SHB Pete Jones Pickoff Throw to First - Out!
Bottom of the 7th over - 1 run, 1 hit, 1 error, 0 left on base; Reading 7 - Newark 7
TOP OF THE 8TH
Reading Rainbows batting - Pitching for Newark Bulldogs : LHP Armando Alvarado
Batting: LHB Ismael Barajas 0-0: Ball
1-0: Ground out 4-3 (Groundball, 4)
Batting: RHB José Moreno 0-0: Called Strike
0-1: Ball
1-1: Swinging Strike
1-2: Foul Ball, location: 2F
1-2: Ball
2-2: Foul Ball, location: 2F
2-2: Ball
3-2: Foul Ball, location: 2F
3-2: Base on Balls
Batting: RHB Ethan Moore 0-0: Ball
1-0: Foul Ball, location: 2F
1-1: Foul Ball, location: 2F
1-2: Ball
2-2: Foul Ball, location: 2F
2-2: SINGLE (Line Drive, 89S)
José Moreno to second
Batting: RHB Allen Hobbs 0-0: Ball
1-0: Called Strike
1-1: Foul Ball, location: 2F
1-2: Grounds into double play, U5-3 (Groundball, 5L)
Top of the 8th over - 0 runs, 1 hit, 0 errors, 1 left on base; Reading 7 - Newark 7
BOTTOM OF THE 8TH
Newark Bulldogs batting - Pitching for Reading Rainbows : LHP Bill Parry
Batting: SHB Pete Jones 0-0: Called Strike
0-1: Ball
1-1: Called Strike
1-2: Foul Ball, location: 2F
1-2: Strikes out swinging
Batting: RHB Juan Martínez 0-0: Ball
1-0: Ball
2-0: Ball
3-0: Base on Balls
Pinch Hitting: RHB Toshiki Kokawa 0-0: Ball
1-0: Called Strike
1-1: Foul Ball, location: 2F
1-2: Foul Ball, location: 2F
1-2: Strikes out swinging
Batting: LHB Jorge Hernández 0-0: Called Strike
0-1: Swinging Strike
0-2: Strikes out swinging
Bottom of the 8th over - 0 runs, 0 hits, 0 errors, 1 left on base; Reading 7 - Newark 7
TOP OF THE 9TH
Reading Rainbows batting - Pitching for Newark Bulldogs : LHP Armando Alvarado
Pitching: LHP Graham O'Day
Now in LF: Orlando González
Batting: RHB Edmund Swanson 0-0: Ball
1-0: Called Strike
1-1: Foul Ball, location: 2F
1-2: Ground out 5-3 (Groundball, 5)
Batting: RHB Richard Case 0-0: Swinging Strike
0-1: Swinging Strike
0-2: Strikes out looking
Batting: RHB Carlos Palomón 0-0: Called Strike
0-1: Called Strike
0-2: Ball
1-2: Foul Ball, location: 2F
1-2: Foul Ball, location: 2F
1-2: SINGLE (Groundball, 5S) (infield hit)
Pinch Hitting: RHB Jesús Chávez 0-0: Ball
1-0: Called Strike
1-1: Swinging Strike
1-2: Foul Ball, location: 2F
1-2: Ball
2-2: Strikes out swinging
Top of the 9th over - 0 runs, 1 hit, 0 errors, 1 left on base; Reading 7 - Newark 7
BOTTOM OF THE 9TH
Newark Bulldogs batting - Pitching for Reading Rainbows : LHP Bill Parry
Now in LF: Spike Kennedy
Batting: LHB Will O'Dell 0-0: Called Strike
0-1: Foul Ball, location: 2F
0-2: Ball
1-2: Ball
2-2: Strikes out swinging
Batting: RHB Francisco Domínguez 0-0: Called Strike
0-1: Foul Ball, location: 2F
0-2: Ball
1-2: Ball
2-2: SINGLE (Line Drive, 7S)
Batting: LHB Ángel Tuzzi 0-0: Fly out, F5 (Popup, 5F)
Pitching: RHP Gustavo Hernández
Batting: RHB Ben Kearley 0-0: Called Strike
0-1: Foul Ball, location: 2F
0-2: Ball
1-2: SINGLE (Groundball, 4MD)
Francisco Domínguez to second
Batting: RHB Álex Hernández 0-0: Ball
1-0: Swinging Strike
1-1: Ball
2-1: Foul Ball, location: 2F
2-2: Strikes out swinging
Bottom of the 9th over - 0 runs, 2 hits, 0 errors, 2 left on base; Reading 7 - Newark 7
TOP OF THE 10TH
Reading Rainbows batting - Pitching for Newark Bulldogs : LHP Graham O'Day
Batting: SHB Johnny Jackson 0-0: Ball
1-0: Ball
2-0: Called Strike
2-1: SINGLE (Line Drive, 56)
Batting: LHB Ismael Barajas 0-0: Ball
1-0: Called Strike
1-1: Called Strike
1-2: Strikes out swinging
Batting: RHB José Moreno 0-0: Called Strike
0-1: Foul Ball, location: 2F
0-2: Strikes out swinging
Batting: RHB Ethan Moore 0-0: Foul Ball, location: 2F
0-1: Foul Ball, location: 2F
0-2: Ball
1-2: Strikes out swinging
Top of the 10th over - 0 runs, 1 hit, 0 errors, 1 left on base; Reading 7 - Newark 7
BOTTOM OF THE 10TH
Newark Bulldogs batting - Pitching for Reading Rainbows : RHP Jesús Manuel
Pitching: RHP Jesús Manuel
Batting: SHB Pete Jones 0-0: Foul Ball, location: 2F
0-1: Ball
1-1: Ball
2-1: Foul Ball, location: 2F
2-2: SINGLE (Flyball, 9S)
Pitching: RHP Mario García
Batting: RHB Juan Martínez 0-0: Foul Ball, location: 2F
0-1: Ball
Wild Pitch!
Pete Jones to second
1-1: Ball
2-1: SINGLE (Groundball, 2L) (infield hit)
Pete Jones to third
Pitching: RHP Michael Bane
Batting: RHB Orlando González 0-0: Foul Ball, location: 2F
0-1: SINGLE (Groundball, 6D)
Pete Jones scores
Saturday, April 7th, 2018 - OOTP Baseball 18.8 Build 76